[Event "24th Mediterranean Flower 2024"]
[Site "Rijeka"]
[Date "2024.03.05"]
[Round "4.4"]
[White "Urh, Zala"]
[Black "Mihaljevic, Eva"]
[Result "1/2-1/2"]
[ECO "E05"]
[WhiteElo "2287"]
[BlackElo "1946"]
[Annotator "RC"]
[PlyCount "129"]
[EventDate "2024.03.04"]
[EventType "tourn"]
[EventCountry "CRO"]
[SourceTitle "playchess.com"]
[Source "ChessBase"]
[SourceQuality "1"]
[TimeControl "5400+30"]

1. d4 d5 2. c4 e6 3. Nf3 Nf6 4. g3 Be7 5. Bg2 O-O 6. O-O dxc4 7. Qc2 a6 8. a4 Bd7 9. Qxc4 Bc6 10. Bg5 Bd5 11. Qc2 Be4 12. Qd1 h6 13. Bxf6 Bxf6 14. Nc3 Bxf3 15. Bxf3 c6 16. Qb3 Qc7 17. Rfd1 Rd8 18. Ne4 Be7 19. a5 Nd7 20. e3 Rab8 21. Rdc1 Nf6 22. Nc3 Qd6 23. Rd1 c5 24. Na4 cxd4 25. Rxd4 Qe5 26. Rxd8+ Bxd8 27. Nb6 Qf5 28. Kg2 Ne4 29. Qb4 Ng5 30. Bg4 Qe4+ 31. Qxe4 Nxe4 32. Rd1 Be7 33. Bf3 Nf6 34. b3 Bb4 35. Nc4 Bc5 36. e4 Nh7 37. h4 g5 38. e5 Nf8 39. Nd6 b6 40. Ne4 Be7 41. hxg5 hxg5 42. axb6 Rxb6 43. Be2 Rxb3 44. Bxa6 Ra3 45. Be2 Ra5 46. f4 Ng6 47. Kf3 gxf4 48. gxf4 Ra2 49. Bf1 Kg7 50. Rd4 Nh4+ 51. Kg4 Nf5 52. Rd3 Ra1 53. Bh3 Rg1+ 54. Kf3 Nh4+ 55. Kf2 Ra1 56. Rd7 Ng6 57. f5 exf5 58. Bxf5 Bh4+ 59. Ke2 Nxe5 60. Rd5 Re1+ 61. Kd2 Nf3+ 62. Kc2 Ng5 63. Nxg5 Bxg5 64. Bd7 Kg6 65. Kd3 1/2-1/2

[Event "24th Mediterranean Flower 2024"]
[Site "Rijeka"]
[Date "2024.03.05"]
[Round "4.5"]
[White "Hnatyshyn, Anastasiia"]
[Black "Berke, Ana"]
[Result "1-0"]
[ECO "B42"]
[WhiteElo "2178"]
[BlackElo "2066"]
[Annotator "RC"]
[PlyCount "45"]
[EventDate "2024.03.04"]
[EventType "tourn"]
[EventCountry "CRO"]
[SourceTitle "playchess.com"]
[Source "ChessBase"]
[SourceQuality "1"]
[TimeControl "5400+30"]

1. e4 c5 2. Nf3 e6 3. d4 cxd4 4. Nxd4 a6 5. Bd3 b5 6. Be3 Bb7 7. O-O Nc6 8. Nd2 Qc7 9. c3 Bd6 10. f4 e5 11. Nxc6 Bxc6 12. Nf3 f6 13. fxe5 fxe5 14. Ng5 Ne7 15. Nf7 Rf8 16. Bc4 Nc8 17. Qh5 g6 18. Qxh7 Bxe4 19. Nxd6+ Qxd6 20. Rad1 Rxf1+ 21. Rxf1 Bf5 22. Qg8+ Qf8 23. Bf7+ 1-0

[Event "24th Mediterranean Flower 2024"]
[Site "Rijeka"]
[Date "2024.03.06"]
[Round "5.2"]
[White "Mihaljevic, Eva"]
[Black "Hnatyshyn, Anastasiia"]
[Result "1/2-1/2"]
[ECO "C07"]
[WhiteElo "1946"]
[BlackElo "2178"]
[Annotator "RC"]
[PlyCount "51"]
[EventDate "2024.03.04"]
[EventType "tourn"]
[EventCountry "CRO"]
[SourceTitle "playchess.com"]
[Source "ChessBase"]
[SourceQuality "1"]
[TimeControl "5400+30"]

1. e4 e6 2. d4 d5 3. Nd2 c5 4. exd5 Qxd5 5. Ngf3 cxd4 6. Bc4 Qd7 7. O-O Nc6 8. Nb3 a6 9. Nbxd4 Nxd4 10. Nxd4 Qc7 11. Qe2 Bd6 12. h3 Ne7 13. Bg5 O-O 14. Rad1 Ng6 15. Bb3 b5 16. c3 Bf4 17. Bxf4 Nxf4 18. Qe3 Bb7 19. f3 Rac8 20. Rfe1 Ng6 21. Bc2 Qg3 22. Ne2 Qe5 23. Nd4 Qg3 24. Ne2 Qe5 25. Nd4 Qg3 26. Ne2 1/2-1/2

[Event "24th Mediterranean Flower 2024"]
[Site "Rijeka"]
[Date "2024.03.06"]
[Round "5.3"]
[White "Medic, Mirjana"]
[Black "Urh, Zala"]
[Result "0-1"]
[ECO "D76"]
[WhiteElo "2132"]
[BlackElo "2287"]
[Annotator "RC"]
[PlyCount "202"]
[EventDate "2024.03.04"]
[EventType "tourn"]
[EventCountry "CRO"]
[SourceTitle "playchess.com"]
[Source "ChessBase"]
[SourceQuality "1"]
[TimeControl "5400+30"]

1. d4 Nf6 2. c4 g6 3. Nf3 Bg7 4. g3 d5 5. cxd5 Nxd5 6. Bg2 Nb6 7. Nc3 Nc6 8. e3 O-O 9. O-O Re8 10. d5 Na5 11. e4 c6 12. Nd4 cxd5 13. exd5 e6 14. Nb3 Bxc3 15. bxc3 Nxd5 16. Nxa5 Qxa5 17. Bd2 Qc5 18. Qb3 b5 19. Rac1 Ba6 20. Rfe1 Rac8 21. Bxd5 exd5 22. Be3 d4 23. Bxd4 Qc6 24. Rxe8+ Rxe8 25. Qd1 Bb7 26. f3 Qxf3 27. Qxf3 Bxf3 28. Kf2 Bd5 29. Rc2 a6 30. Rd2 f5 31. Be3 Rd8 32. Rd4 Kf7 33. a4 Ke6 34. axb5 axb5 35. Rd2 Ra8 36. Bd4 Bc4 37. h4 Ra1 38. Kf3 h6 39. Kf2 g5 40. hxg5 hxg5 41. Be3 Rf1+ 42. Kg2 f4 43. gxf4 gxf4 44. Bd4 Kf5 45. Rf2 Re1 46. Rd2 Kg4 47. Bf2 Rc1 48. Bd4 Bd5+ 49. Kf2 Rh1 50. Bc5 Bc4 51. Kg2 Rh3 52. Bd4 Rg3+ 53. Kf2 Rf3+ 54. Kg2 Rg3+ 55. Kf2 f3 56. Ke3 Rg1 57. Rf2 Be2 58. Rh2 Rd1 59. Ke4 Bd3+ 60. Ke3 Be2 61. Ke4 Kg5 62. Be3+ Kf6 63. Bd4+ Ke6 64. Rh6+ Kd7 65. Rh7+ Ke6 66. Rh6+ Kf7 67. Rf6+ Ke7 68. Rf4 Rh1 69. Bc5+ Ke6 70. Bd4 Rh6 71. Bc5 Kd7 72. Bd4 Re6+ 73. Be5 Kc6 74. Kd4 Rg6 75. Ke3 Kd5 76. Bd4 Kc4 77. Kd2 Kb3 78. Be5 Rg2 79. Bd4 Bc4+ 80. Kd1 Rh2 81. Ke1 Rh1+ 82. Kd2 Be2 83. Ke3 Kc2 84. Kf2 Kd3 85. Kg3 Rh5 86. Bf6 Rh6 87. Bd4 Rg6+ 88. Kh2 Kd2 89. Kh3 Ke1 90. Kh2 Kd2 91. Kh3 Ke1 92. Kh2 Kf1 93. Rf7 Rh6+ 94. Kg3 Rg6+ 95. Kh2 Rg2+ 96. Kh3 f2 97. Ra7 Bg4+ 98. Kh4 Be6 99. Ra6 Rg4+ 100. Kh5 Re4 101. Ra8 Ke2 0-1

[Event "24th Mediterranean Flower 2024"]
[Site "Rijeka"]
[Date "2024.03.06"]
[Round "5.4"]
[White "Hamdouchi, Adina-Maria"]
[Black "Zagorac, Lara"]
[Result "0-1"]
[ECO "A38"]
[WhiteElo "2213"]
[BlackElo "1894"]
[Annotator "RC"]
[PlyCount "168"]
[EventDate "2024.03.04"]
[EventType "tourn"]
[EventCountry "CRO"]
[SourceTitle "playchess.com"]
[Source "ChessBase"]
[SourceQuality "1"]
[TimeControl "5400+30"]

1. Nf3 c5 2. c4 Nf6 3. g3 g6 4. Bg2 Bg7 5. Nc3 Nc6 6. O-O O-O 7. d4 cxd4 8. Nxd4 Qa5 9. Nc2 d6 10. Bd2 Qh5 11. e4 Qxd1 12. Raxd1 Be6 13. b3 Rac8 14. h3 Nd7 15. Nd5 Bxd5 16. exd5 Nd4 17. Nxd4 Bxd4 18. Bg5 Bf6 19. h4 Bxg5 20. hxg5 Nc5 21. Rfe1 Rfe8 22. Re3 Rc7 23. f4 Kg7 24. Bf1 Rh8 25. Rde1 Kf8 26. b4 Na6 27. Ra3 Nxb4 28. Rxa7 Na6 29. Rb1 Nc5 30. Kf2 Kg7 31. Ke3 h6 32. gxh6+ Rxh6 33. a4 Rc8 34. Be2 Rh2 35. a5 Rhh8 36. Bf3 Ra8 37. Rxa8 Rxa8 38. Rb5 Kf8 39. g4 Ke8 40. g5 Kd7 41. Bg4+ Kc7 42. f5 gxf5 43. Bxf5 Rh8 44. g6 fxg6 45. Bxg6 Rh4 46. Rb4 Nd7 47. Be8 Nc5 48. Bb5 Rh3+ 49. Kd2 Ra3 50. Rb1 Ne4+ 51. Kc2 Nf6 52. Re1 Kd8 53. a6 bxa6 54. Kb2 Ra5 55. Bc6 Nd7 56. Bxd7 Kxd7 57. Kb3 Rc5 58. Ra1 a5 59. Ra2 Kc8 60. Kc3 Kb7 61. Rb2+ Ka7 62. Ra2 Ka6 63. Rb2 Rc7 64. Rb8 Rb7 65. Ra8+ Kb6 66. Rc8 Ka7 67. c5 dxc5 68. Rxc5 Kb6 69. Rc6+ Kb5 70. Re6 Kc5 71. Ra6 Rb5 72. Re6 Rb7 73. Ra6 Kb5 74. Rc6 a4 75. Kb2 Rd7 76. Re6 Kc4 77. Re4+ Kxd5 78. Rxa4 Rc7 79. Ra5+ Kd4 80. Ra4+ Kd3 81. Ra3+ Kd2 82. Ra5 Rb7+ 83. Ka3 Kc3 84. Rc5+ Kd4 0-1

[Event "24th Mediterranean Flower 2024"]
[Site "Rijeka"]
[Date "2024.03.06"]
[Round "5.5"]
[White "Radikovic, Anamarija"]
[Black "Ivekovic, Tihana"]
[Result "0-1"]
[ECO "E17"]
[WhiteElo "2039"]
[BlackElo "2081"]
[Annotator "RC"]
[PlyCount "104"]
[EventDate "2024.03.04"]
[EventType "tourn"]
[EventCountry "CRO"]
[SourceTitle "playchess.com"]
[Source "ChessBase"]
[SourceQuality "1"]
[TimeControl "5400+30"]

1. Nf3 d5 2. g3 Nf6 3. Bg2 e6 4. O-O Be7 5. c4 O-O 6. b3 b6 7. Bb2 Bb7 8. d4 dxc4 9. bxc4 c5 10. Nc3 cxd4 11. Nxd4 Bxg2 12. Kxg2 Qc7 13. Rc1 Rd8 14. Kg1 Qb7 15. e3 Nbd7 16. Qf3 Qxf3 17. Nxf3 Nc5 18. Ne5 Rd2 19. Ba3 Rc8 20. Rfd1 Rxd1+ 21. Rxd1 Bf8 22. Nb5 a6 23. Na7 Rc7 24. Nac6 Nfd7 25. Ne7+ Bxe7 26. Nxd7 Rxd7 27. Rxd7 Nxd7 28. Bxe7 Ne5 29. c5 b5 30. Kf1 Nc6 31. Bd6 f5 32. f4 Kf7 33. Ke2 Ke8 34. Kd2 Kd7 35. Bf8 g6 36. e4 a5 37. a3 a4 38. Kd3 Na5 39. Kc3 Kc6 40. exf5 exf5 41. Kb4 Nb3 42. Be7 h5 43. Bf8 Nd2 44. Bg7 Nf1 45. h4 Nxg3 46. Be5 Ne2 47. Bd6 Nd4 48. Kc3 Nb3 49. Kb4 Nd2 50. Bf8 Nc4 51. Be7 Ne3 52. Bd6 Nc2+ 0-1

[Event "24th Mediterranean Flower 2024"]
[Site "Rijeka"]
[Date "2024.03.07"]
[Round "6.2"]
[White "Zagorac, Lara"]
[Black "Radikovic, Anamarija"]
[Result "0-1"]
[ECO "A46"]
[WhiteElo "1894"]
[BlackElo "2039"]
[Annotator "RC"]
[PlyCount "98"]
[EventDate "2024.03.04"]
[EventType "tourn"]
[EventCountry "CRO"]
[SourceTitle "playchess.com"]
[Source "ChessBase"]
[SourceQuality "1"]
[TimeControl "5400+30"]

1. Nf3 d5 2. g3 Nf6 3. Bg2 e6 4. d4 b5 5. O-O Be7 6. Ne5 Nfd7 7. f4 O-O 8. Nd2 Bb7 9. Ndf3 c5 10. e3 Nf6 11. Nh4 Nc6 12. Nhf3 Ne4 13. Nxc6 Bxc6 14. Ne5 Bb7 15. c3 b4 16. cxb4 cxb4 17. Bxe4 dxe4 18. Bd2 f6 19. Ng4 Qd7 20. Qe2 Rfc8 21. Rfc1 Rxc1+ 22. Rxc1 Rc8 23. Nf2 Rxc1+ 24. Bxc1 Qc6 25. Qd1 a5 26. b3 Bd6 27. Bb2 Ba6 28. Nh3 Qb5 29. Kf2 h6 30. Ng1 Qd5 31. Ne2 Qh5 32. Ke1 Qxh2 33. Kd2 Bd3 34. Qe1 h5 35. Kd1 Qg2 36. Bc1 e5 37. fxe5 fxe5 38. d5 Qf3 39. Bd2 Bc5 40. Bc1 Kf7 41. Bb2 Bxe3 42. Bxe5 Bf2 43. Qf1 e3 44. Kc1 Qxe2 45. Qxe2 Bxe2 46. d6 Bg4 47. Bd4 g5 48. Bb6 Ke6 49. Bxa5 h4 0-1

[Event "24th Mediterranean Flower 2024"]
[Site "Rijeka"]
[Date "2024.03.07"]
[Round "6.3"]
[White "Urh, Zala"]
[Black "Hamdouchi, Adina-Maria"]
[Result "1/2-1/2"]
[ECO "E62"]
[WhiteElo "2287"]
[BlackElo "2213"]
[Annotator "TA"]
[PlyCount "27"]
[EventDate "2024.03.04"]
[EventType "tourn"]
[EventCountry "CRO"]
[SourceTitle "playchess.com"]
[Source "ChessBase"]
[SourceQuality "1"]
[TimeControl "5400+30"]

1. d4 Nf6 2. c4 g6 3. g3 Bg7 4. Bg2 d6 5. Nc3 O-O 6. Nf3 c6 7. O-O Bf5 8. Nh4 Be6 9. Qd3 d5 10. cxd5 cxd5 11. Bg5 Nc6 12. Rfd1 Qd7 13. Rac1 Rfd8 14. Bxf6 {[%emt 0:09:14] Not much happened in this game.   Weighted Error Value: White=0.06 (flawless) /Black=0.00 (flawless) .  OK:         	---       	Black=4} 1/2-1/2

[Event "24th Mediterranean Flower 2024"]
[Site "Rijeka"]
[Date "2024.03.07"]
[Round "6.4"]
[White "Hnatyshyn, Anastasiia"]
[Black "Medic, Mirjana"]
[Result "1-0"]
[ECO "C02"]
[WhiteElo "2178"]
[BlackElo "2132"]
[Annotator "RC"]
[PlyCount "108"]
[EventDate "2024.03.04"]
[EventType "tourn"]
[EventCountry "CRO"]
[SourceTitle "playchess.com"]
[Source "ChessBase"]
[SourceQuality "1"]
[TimeControl "5400+30"]

1. e4 e6 2. d4 d5 3. e5 c5 4. c3 Nc6 5. Nf3 Bd7 6. Be2 Nge7 7. Na3 a6 8. Nc2 cxd4 9. cxd4 Nf5 10. O-O Be7 11. Rb1 Na7 12. g4 Nh4 13. Nxh4 Bxh4 14. f4 Be7 15. f5 Qb6 16. Kh1 O-O-O 17. Rf3 Kb8 18. Bd2 Rc8 19. Rb3 Bb5 20. Rc1 Rc6 21. Qe1 Qc7 22. Rc3 Rxc3 23. bxc3 Rc8 24. Ne3 Qd7 25. Qf1 Bg5 26. h4 Bxe3 27. fxe6 fxe6 28. Bxe3 Bxe2 29. Qxe2 Nb5 30. Bd2 Rf8 31. Kg2 Na3 32. Rf1 Rf7 33. Qd3 Nc4 34. Bc1 Rxf1 35. Qxf1 Qe8 36. h5 Ka7 37. Qd3 g6 38. hxg6 hxg6 39. Kg3 a5 40. Bg5 Qa4 41. Qxg6 Qxa2 42. Qxe6 Qc2 43. Qxd5 Qxc3+ 44. Kh4 Nb6 45. Qc5 Qe1+ 46. Kh5 Qh1+ 47. Kg6 Qe4+ 48. Kh6 Ka6 49. Bd8 Qc6+ 50. Qxc6 bxc6 51. Bxb6 Kxb6 52. e6 Kc7 53. Kg7 Kd6 54. Kf7 Kc7 1-0

[Event "24th Mediterranean Flower 2024"]
[Site "Rijeka"]
[Date "2024.03.07"]
[Round "7.1"]
[White "Mihaljevic, Eva"]
[Black "Skuhala, Barbara"]
[Result "1/2-1/2"]
[ECO "B90"]
[WhiteElo "1946"]
[BlackElo "2188"]
[Annotator "RC"]
[PlyCount "92"]
[EventDate "2024.03.04"]
[EventType "tourn"]
[EventCountry "CRO"]
[SourceTitle "playchess.com"]
[Source "ChessBase"]
[SourceQuality "1"]
[TimeControl "5400+30"]

1. e4 c5 2. Nf3 d6 3. d4 cxd4 4. Nxd4 Nf6 5. Nc3 a6 6. Rg1 e5 7. Nb3 b5 8. g4 Bb7 9. Bg2 b4 10. Nd5 Nxd5 11. exd5 a5 12. Be3 g6 13. Nd2 Qc7 14. Ne4 Nd7 15. c3 Be7 16. Rc1 bxc3 17. Rxc3 Qd8 18. Qb3 Ba6 19. Rc6 O-O 20. Bh6 Re8 21. Nxd6 Bxd6 22. Rxd6 Rb8 23. Qc2 Bb5 24. Be4 Rc8 25. Qd2 Qe7 26. Rxd7 Bxd7 27. d6 Qd8 28. Rg3 Be6 29. Rd3 Qd7 30. Qg5 f6 31. Qxf6 Bxg4 32. Bd5+ Be6 33. Be4 Rc4 34. Bxg6 hxg6 35. Qxg6+ Kh8 36. Bg7+ Qxg7 37. Qxe8+ Kh7 38. Qxe6 Qg1+ 39. Ke2 Rc2+ 40. Rd2 Rxd2+ 41. Kxd2 Qxf2+ 42. Kd3 Qd4+ 43. Kc2 Qe4+ 44. Kd2 Qd4+ 45. Kc2 Qe4+ 46. Kd2 Qd4+ 1/2-1/2

[Event "24th Mediterranean Flower 2024"]
[Site "Rijeka"]
[Date "2024.03.07"]
[Round "7.2"]
[White "Medic, Mirjana"]
[Black "Berke, Ana"]
[Result "1/2-1/2"]
[ECO "D36"]
[WhiteElo "2132"]
[BlackElo "2066"]
[Annotator "RC"]
[PlyCount "22"]
[EventDate "2024.03.04"]
[EventType "tourn"]
[EventCountry "CRO"]
[SourceTitle "playchess.com"]
[Source "ChessBase"]
[SourceQuality "1"]
[TimeControl "5400+30"]

1. d4 d5 2. c4 e6 3. Nc3 Nf6 4. cxd5 exd5 5. Bg5 c6 6. Qc2 Be7 7. e3 O-O 8. Bd3 h6 9. Bh4 Re8 10. Nf3 Ne4 11. Bxe7 Qxe7 1/2-1/2

[Event "24th Mediterranean Flower 2024"]
[Site "Rijeka"]
[Date "2024.03.07"]
[Round "7.3"]
[White "Hamdouchi, Adina-Maria"]
[Black "Hnatyshyn, Anastasiia"]
[Result "0-1"]
[ECO "D94"]
[WhiteElo "2213"]
[BlackElo "2178"]
[Annotator "RC"]
[PlyCount "135"]
[EventDate "2024.03.04"]
[EventType "tourn"]
[EventCountry "CRO"]
[SourceTitle "playchess.com"]
[Source "ChessBase"]
[SourceQuality "1"]
[TimeControl "5400+30"]

1. c4 Nf6 2. Nf3 c6 3. Nc3 d5 4. e3 g6 5. d4 Bg7 6. Be2 O-O 7. O-O Nbd7 8. cxd5 Nxd5 9. Bd2 Nc7 10. e4 e5 11. Bg5 Qe8 12. dxe5 Nxe5 13. Qd6 Nxf3+ 14. Bxf3 Be5 15. Qd2 Ne6 16. Bh6 Ng7 17. Be2 Be6 18. f4 Bf6 19. Rad1 Qd8 20. Qc1 Qb6+ 21. Kh1 Rad8 22. Rde1 Qa5 23. e5 Be7 24. Ne4 Rd4 25. Nf6+ Kh8 26. Bxg7+ Kxg7 27. f5 Bxf5 28. Qe3 Qd2 29. Qg3 Be6 30. Nh5+ Kh8 31. Nf4 Bf5 32. b3 b5 33. Rd1 Qb2 34. Rxd4 Qxd4 35. Rd1 Qb2 36. h3 Rd8 37. Rxd8+ Bxd8 38. Bd3 Qc1+ 39. Kh2 Bxd3 40. Nxd3 Qc3 41. Qf3 Kg8 42. Qe4 Bc7 43. Kg1 Bb6+ 44. Kh2 Qd4 45. Qxd4 Bxd4 46. b4 f5 47. exf6 Bxf6 48. Kg3 Kf7 49. Kf4 Ke6 50. Ke4 Kd6 51. Nc5 Bc3 52. Nd3 a5 53. bxa5 Bxa5 54. g4 Bc3 55. h4 c5 56. h5 gxh5 57. gxh5 h6 58. Nf4 c4 59. Nd5 Bb2 60. Ne3 Kc5 61. Nc2 b4 62. Ne3 Bc1 63. Nd1 Bg5 64. Nb2 Kb5 65. Nd1 Bf6 66. Ne3 Kc5 67. Nd1 Bd4 68. Kf3 0-1

[Event "24th Mediterranean Flower 2024"]
[Site "Rijeka"]
[Date "2024.03.07"]
[Round "7.4"]
[White "Radikovic, Anamarija"]
[Black "Urh, Zala"]
[Result "0-1"]
[ECO "B22"]
[WhiteElo "2039"]
[BlackElo "2287"]
[Annotator "TA"]
[PlyCount "84"]
[EventDate "2024.03.04"]
[EventType "tourn"]
[EventCountry "CRO"]
[SourceTitle "playchess.com"]
[Source "ChessBase"]
[SourceQuality "1"]
[TimeControl "5400+30"]

1. e4 c5 2. c3 Nf6 3. e5 Nd5 4. d4 cxd4 5. cxd4 Nc6 6. Nf3 d6 7. Bc4 Nb6 8. Bb3 dxe5 9. Nxe5 Nxe5 10. dxe5 Qxd1+ 11. Bxd1 Bd7 12. Bf3 Rc8 13. O-O Bc6 {[%emt 0:00:06] Die Stellung ist ausgeglichen.} 14. Bg4 e6 15. b3 {[%emt 0:01:31] Pariert Nc4.} h5 16. Be2 Nd5 17. Bc4 (17. a4 $11 {bleibt in der Remisbreite.}) 17... Bc5 $36 {[%emt 0:09:47][%mdl 2048] [#] ...Bd4 ist eine echte Drohung. Läuft bei Schwarz.} 18. Bxd5 Bd4 19. Bxc6+ Rxc6 20. Nd2 Bxa1 $19 21. Nc4 Bd4 22. Nd6+ Ke7 23. Nxb7 Bxe5 24. Be3 Rb8 25. Na5 Ra6 26. Nc4 Bc7 27. Bc5+ Ke8 28. g3 (28. Ba3 $142) 28... Rxa2 29. b4 f6 30. Re1 e5 31. f4 Kf7 {[%emt 0:01:28] Schwarz steht klar auf Gewinn.} 32. fxe5 fxe5 33. Rd1 Ke6 {[%emt 0:00:26] Verhindert Rd7} 34. Re1 Rd8 35. Be3 Bb8 36. Na5 Rc8 {[%emt 0:00:23] Und jetzt ...Bd6 wäre schön.} 37. Nb3 Bd6 38. Bf4 Kf6 39. Nc1 Rac2 40. Be3 Bxb4 41. Rf1+ Ke6 {[%emt 0:00:23] [#] Droht stark ...R8c3.} 42. Nd3 a5 {[%emt 0:00:18] Weiß schien mit der Eröffnung nicht zurechtzukommen.   Gewichteter Fehlerwert: Weiß=0.38/Schwarz=0.11 (sehr präzise) .  Fehler:       	Weiß=3     	---        Ungenau:       	Weiß=3     	---        OK:         	Weiß=10    	Schwarz=17    Bester:       	Weiß=1     	Schwarz=1} 0-1

[Event "24th Mediterranean Flower 2024"]
[Site "Rijeka"]
[Date "2024.03.07"]
[Round "7.5"]
[White "Ivekovic, Tihana"]
[Black "Zagorac, Lara"]
[Result "1/2-1/2"]
[ECO "D25"]
[WhiteElo "2081"]
[BlackElo "1894"]
[Annotator "RC"]
[PlyCount "35"]
[EventDate "2024.03.04"]
[EventType "tourn"]
[EventCountry "CRO"]
[SourceTitle "playchess.com"]
[Source "ChessBase"]
[SourceQuality "1"]
[TimeControl "5400+30"]

1. d4 d5 2. c4 dxc4 3. Nf3 Nf6 4. e3 Bg4 5. Bxc4 e6 6. Qb3 Bxf3 7. gxf3 c5 8. dxc5 Nbd7 9. c6 bxc6 10. Nd2 Be7 11. Qc2 Qa5 12. Be2 O-O 13. Qxc6 Rab8 14. Qa6 Qc7 15. Qc4 Qa5 16. Qa6 Qc7 17. Qc4 Qa5 18. Qa6 1/2-1/2

[Event "24th Mediterranean Flower 2024"]
[Site "Rijeka"]
[Date "2024.03.08"]
[Round "8.1"]
[White "Skuhala, Barbara"]
[Black "Zagorac, Lara"]
[Result "0-1"]
[ECO "B23"]
[WhiteElo "2188"]
[BlackElo "1894"]
[Annotator "RC"]
[PlyCount "68"]
[EventDate "2024.03.04"]
[EventType "tourn"]
[EventCountry "CRO"]
[SourceTitle "playchess.com"]
[Source "ChessBase"]
[SourceQuality "1"]
[TimeControl "5400+30"]

1. e4 c5 2. Nc3 d6 3. d4 cxd4 4. Qxd4 Nc6 5. Qd2 g6 6. b3 Bg7 7. Bb2 Nf6 8. O-O-O O-O 9. f3 Be6 10. Kb1 a5 11. a4 Nd7 12. g4 Nc5 13. Nd5 Bxb2 14. Kxb2 Bxd5 15. exd5 Nb4 16. c3 Nba6 17. h4 Qb6 18. Bb5 Nc7 19. c4 Nxb5 20. cxb5 Nd7 21. g5 Rac8 22. Ne2 Rc5 23. Nc3 Rfc8 24. Rc1 Qc7 25. h5 Nf8 26. Qd4 e5 27. Qd2 b6 28. hxg6 Nxg6 29. Rhd1 Nf4 30. Rh1 Qb7 31. Rxh7 Kxh7 32. Qh2+ Kg8 33. Ne4 Nd3+ 34. Ka3 Rxc1 0-1

[Event "24th Mediterranean Flower 2024"]
[Site "Rijeka"]
[Date "2024.03.08"]
[Round "8.2"]
[White "Urh, Zala"]
[Black "Ivekovic, Tihana"]
[Result "1-0"]
[ECO "C54"]
[WhiteElo "2287"]
[BlackElo "2081"]
[Annotator "TA"]
[PlyCount "63"]
[EventDate "2024.03.04"]
[EventType "tourn"]
[EventCountry "CRO"]
[SourceTitle "playchess.com"]
[Source "ChessBase"]
[SourceQuality "1"]
[TimeControl "5400+30"]

1. e4 e5 2. Nf3 Nc6 3. Bc4 Nf6 4. d3 Bc5 5. c3 a6 6. O-O d6 7. h3 h6 8. a4 Ba7 9. Nbd2 {[%emt 0:01:06] The position is equal.} O-O 10. Re1 Re8 11. b4 Be6 12. Bxe6 Rxe6 13. Qc2 Qd7 14. Rb1 Ne7 15. Nf1 Rd8 16. d4 Ng6 17. d5 Ree8 18. Be3 Bxe3 19. Nxe3 c6 20. Nd2 cxd5 21. exd5 Nf4 22. Qb3 e4 23. c4 Re5 $1 24. Nef1 (24. Ndf1 $15) 24... Rde8 (24... Qf5 $17 {Threatens to win with ...Qg6.} 25. Qg3 N6h5) 25. Ng3 $15 h5 (25... Kf8 $15) 26. Qe3 $11 g5 27. Qd4 $2 {[%emt 0:02:15] [#]} (27. Ne2 $11 Nxe2+ (27... Qxa4 $2 28. Nxf4 gxf4 29. Qxf4 $18) 28. Rxe2) 27... h4 $1 $19 28. Ngxe4 Nxe4 29. Rxe4 {[%emt 0:01:06] [#]} (29. Nxe4 $2 {perishes.} Qe7 30. g3 (30. f3 $2 f5 $19) 30... hxg3 (30... Rxe4 $2 31. Rxe4 Qxe4 32. Qxe4 $19) (30... Nxh3+ $2 31. Kg2 $19) 31. fxg3 Nh5 $19 (31... Rxe4 $2 32. Qxe4 Qxe4 33. Rxe4 $19) (31... Nxh3+ $2 32. Kg2 $19)) 29... Rxe4 (29... Qxa4 30. Rxe5 Rxe5 31. Qb2) ({Better is} 29... Ne2+ $1 $19 30. Rxe2 Rxe2) 30. Nxe4 $11 {[%emt 0:00:16] And now Nf6+ would win.} Ne2+ 31. Kh1 {[%emt 0:11:28] Black must now prevent Nf6+.} Qxh3+ $2 (31... Rxe4 $11 {and Black stays safe.} 32. Qxe4 Nc3) 32. gxh3 {[%emt 0:00:15] Weighted Error Value: White=0.22 (precise) /Black=0.38.  Loses game:     	White=1     	Black=1      Missed win:     	---       	Black=1      Mistake:       	White=1     	Black=2      Inaccurate:     	White=3     	---        OK:         	White=4     	Black=9      Best:        	White=2     	Black=1      Strong:       	---       	Black=2} 1-0

[Event "24th Mediterranean Flower 2024"]
[Site "Rijeka"]
[Date "2024.03.08"]
[Round "8.3"]
[White "Hnatyshyn, Anastasiia"]
[Black "Radikovic, Anamarija"]
[Result "0-1"]
[ECO "B12"]
[WhiteElo "2178"]
[BlackElo "2039"]
[Annotator "RC"]
[PlyCount "128"]
[EventDate "2024.03.04"]
[EventType "tourn"]
[EventCountry "CRO"]
[SourceTitle "playchess.com"]
[Source "ChessBase"]
[SourceQuality "1"]
[TimeControl "5400+30"]

1. e4 c6 2. d4 d5 3. e5 Bf5 4. Nf3 e6 5. Be2 Nd7 6. Nbd2 h6 7. Nf1 Ne7 8. Nh4 Bh7 9. f4 c5 10. c3 cxd4 11. cxd4 Nc6 12. Nf3 Bb4+ 13. Bd2 g5 14. a3 Bxd2+ 15. Qxd2 Na5 16. Qb4 g4 17. N3d2 Nc6 18. Qc3 Rc8 19. Qe3 Qb6 20. Nb3 a5 21. Rc1 a4 22. Nc5 Nxd4 23. Nxa4 Rxc1+ 24. Qxc1 Qd8 25. Ne3 Nb3 26. Qc3 Qa5 27. Qxa5 Nxa5 28. Bb5 h5 29. Nc5 Nc6 30. Nxb7 Nd4 31. Nd6+ Ke7 32. Bxd7 Kxd7 33. Kf2 Rb8 34. b4 f6 35. h3 g3+ 36. Kxg3 fxe5 37. fxe5 Nc6 38. Nf7 Bg6 39. Ng5 Nxe5 40. Re1 Nd3 41. Rf1 Ke7 42. Nf3 Ra8 43. Ra1 Nxb4 44. a4 Ra5 45. Nd4 Be8 46. Re1 Bd7 47. Nef5+ Kf6 48. Nh4 Rxa4 49. Nhf3 Nd3 50. Rf1 Ke7 51. Ne2 e5 52. Nc3 Ra5 53. Ng5 Nf4 54. Nf3 Ng6 55. Kh2 Bc6 56. Ng5 Nf4 57. g3 Ne6 58. Nf3 d4 59. Nd1 Ra2+ 60. Kg1 Kd6 61. Nh4 Ng5 62. Nf2 e4 63. Rd1 Ke5 64. Ng6+ Kf6 0-1

[Event "24th Mediterranean Flower 2024"]
[Site "Rijeka"]
[Date "2024.03.08"]
[Round "8.5"]
[White "Mihaljevic, Eva"]
[Black "Medic, Mirjana"]
[Result "1/2-1/2"]
[ECO "C08"]
[WhiteElo "1946"]
[BlackElo "2132"]
[Annotator "RC"]
[PlyCount "22"]
[EventDate "2024.03.04"]
[EventType "tourn"]
[EventCountry "CRO"]
[SourceTitle "playchess.com"]
[Source "ChessBase"]
[SourceQuality "1"]
[TimeControl "5400+30"]

1. e4 e6 2. d4 d5 3. Nd2 c5 4. exd5 exd5 5. Bb5+ Bd7 6. Bxd7+ Nxd7 7. Ngf3 Ngf6 8. O-O Be7 9. dxc5 Nxc5 10. Nb3 Nce4 11. Nfd4 O-O 1/2-1/2

[Event "24th Mediterranean Flower 2024"]
[Site "Rijeka"]
[Date "2024.03.09"]
[Round "9.4"]
[White "Ivekovic, Tihana"]
[Black "Hnatyshyn, Anastasiia"]
[Result "1/2-1/2"]
[ECO "E03"]
[WhiteElo "2081"]
[BlackElo "2178"]
[Annotator "RC"]
[PlyCount "79"]
[EventDate "2024.03.04"]
[EventType "tourn"]
[EventCountry "CRO"]
[SourceTitle "playchess.com"]
[Source "ChessBase"]
[SourceQuality "1"]
[TimeControl "5400+30"]

1. d4 Nf6 2. c4 e6 3. g3 d5 4. Bg2 dxc4 5. Nf3 Nbd7 6. Qa4 a6 7. Qxc4 b5 8. Qc2 Bb7 9. O-O c5 10. Nbd2 Rc8 11. Qd1 Be7 12. dxc5 Nxc5 13. Ne5 Bxg2 14. Kxg2 O-O 15. Ndf3 Qc7 16. Be3 Rfd8 17. Qc2 Qb7 18. Qb1 Na4 19. Kg1 Nd5 20. Bd2 f6 21. Ng4 e5 22. Ne3 Nxe3 23. Bxe3 Bc5 24. Bxc5 Rxc5 25. Rc1 Rcd5 26. b3 Nc5 27. Qc2 Ne6 28. Rd1 e4 29. Ne1 Rxd1 30. Rxd1 Nd4 31. Qb1 Nxe2+ 32. Kf1 Nd4 33. Nc2 e3 34. Nxd4 Rxd4 35. Ke2 Rxd1 36. Qxd1 exf2 37. Kxf2 Qc6 38. a4 b4 39. Qd3 Qc5+ 40. Kf3 1/2-1/2